 Dungeon Crawl Stone Soup version 0.28-a0-1002-gf00fe891ef (webtiles) character file.

Game seed: 713410637947074638

4771 bande the Cleaver (level 10, -1/63 HPs)
             Began as a Gargoyle Fighter on Dec 7, 2021.
             Slain by an orc warrior (15 damage)
             ... on level 9 of the Dungeon.
             The game lasted 00:16:57 (7373 turns).

bande the Cleaver (Gargoyle Fighter)                Turns: 7373, Time: 00:16:58

Health: -1/63      AC: 25    Str: 21    XL:     10   Next: 47%
Magic:  10/10      EV:  6    Int:  8    God:
Gold:   907        SH:  6    Dex: 13    Spells: 9/9 levels left

rFire   . . .      SeeInvis .   a - +1 war axe
rCold   + . .      Faith    .   c - +1 buckler
rNeg    + . .      Spirit   .   n - +0 plate armour
rPois   ∞          Reflect  .   z - +0 helmet
rElec   +          Harm     .   (no cloak)
rCorr   .          Rampage  .   b - +0 pair of gloves
Will    +....                   m - +1 pair of boots of Tuva {rC+}
Stlth   ..........              k - amulet of regeneration
HPRegen 1.80/turn               e - ring of willpower
MPRegen 0.12/turn               (no ring)

@: studying Axes
A: sickness immunity, AC +7, negative energy resistance 1, electricity
resistance, torment resistance 1, petrification resistance, fangs 1, sense
surroundings 1, regeneration 1
a: no special abilities


You were on level 9 of the Dungeon.
You visited 2 branches of the dungeon, and saw 10 of its levels.
You also visited: Sewer and Ossuary.

You collected 907 gold pieces.

Inventory:

Hand Weapons
 a - a +1 war axe (weapon)
 A - a +3 morningstar of freezing
Missiles
 l - a throwing net (quivered)
Armour
 b - a +0 pair of gloves (worn)
 c - a +1 buckler (worn)
 m - the +1 pair of boots of Tuva (worn) {rC+}
   (You acquired it on level 3 of the Dungeon)

   rC:        It protects you from cold.
 n - a +0 plate armour (worn)
 z - a +0 helmet (worn)
Jewellery
 e - a ring of willpower (left hand)
 g - an amulet of magic regeneration
 j - an amulet of faith
 k - an amulet of regeneration (around neck)
 w - a ring of ice
Wands
 o - a wand of flame (5)
 D - a wand of iceblast (2)
Scrolls
 p - 4 scrolls of teleportation
 q - 3 scrolls of enchant weapon
 u - a scroll of fear
 x - 2 scrolls of silence
 y - a scroll of identify
 B - a scroll of fog
 C - 4 scrolls of magic mapping
Potions
 d - a potion of might
 f - a potion of cancellation
 h - 2 potions of flight
 i - 4 potions of curing
 r - a potion of mutation
 s - 8 potions of heal wounds
 t - 3 potions of brilliance
 v - 3 potions of invisibility


   Skills:
 + Level 7.1 Fighting
 + Level 12.7 Axes
 + Level 7.0 Armour
 - Level 0.1 Stealth
 + Level 6.0 Shields
 * Level 5.2 Evocations


You had 9 spell levels left.
You didn't know any spells.
Your spell library contained the following spells:

 Spells                   Type           Power      Damage    Failure   Level
 Animate Skeleton         Necr           0%         N/A       100%        1
 Sandblast                Erth           0%         2d4       100%        1
 Tukima's Dance           Hex            0%         N/A       100%        3
 Passage of Golubria      Tloc           0%         N/A       100%        4
 Alistair's Intoxication  Tmut/Pois      0%         N/A       100%        5
 Borgnjor's Vile Clutch   Necr/Erth      0%         N/A       100%        5
 Lee's Rapid Deconstruct  Erth           0%         3d5*      100%        5
 Summon Forest            Summ/Tloc      0%         N/A       100%        5
 Summon Mana Viper        Hex/Summ       0%         N/A       100%        5
 Yara's Violent Unravell  Hex/Tmut       0%         3d3       100%        5
 Eringya's Noxious Bog    Tmut/Pois      0%         N/A       100%        6
 Summon Cactus Giant      Summ           0%         N/A       100%        6
 Sublimation of Blood     Necr           Unusable   N/A       N/A         2

Dungeon Overview and Level Annotations

Branches:
Dungeon (9/15)             Temple (1/1) D:7             Orc (0/2) D:9
  Sewer (visited)         Ossuary (visited)
   Lair: D:8-11

Altars:
Ashenzari
Cheibriados
Dithmenos
Elyvilon
Fedhas
Gozag
Kikubaaqudgha
Makhleb
Nemelex Xobeh
Qazlal
Ru
Sif Muna
Uskayaw
Vehumet
Wu Jian
Xom
Yredelemnul
Zin
Beogh
Lugonu

Annotations:
D:9 1 runed translucent door, petzl's ghost, novice OpAM


Innate Abilities, Weirdness & Mutations

You are immune to sickness and miasma.
Your stone body is resilient. (AC +7)
You are immune to poison.
You resist negative energy. (rN+)
You are resistant to electric shocks. (rElec)
You are resistant to unholy torment.
You are immune to petrification.
You have very sharp teeth.
You passively map a small area around you.
Your natural rate of healing is unusually fast.


Message History

The orc warrior hits you but does no damage. x2
Unknown command.
You slice the orc priest!!
You kill the orc priest!
You hit the orc warrior but do no damage.
You barely miss the orc warrior. You slash the orc!
You kill the orc!
The orc warrior hits you with a +0 dire flail of protection.
The orc warrior barely misses you.
You slash the orc!
You kill the orc!
Your plate armour prevents you from hitting the orc warrior.
You barely miss the orc warrior. The orc warrior barely misses you.
You hit the orc. Your bite misses the orc.
The orc is lightly wounded.
You closely miss the orc warrior. You hit the orc warrior.
The orc warrior hits you but does no damage.
You closely miss the orc warrior.
The orc warrior is heavily wounded.
You slash the orc!
You kill the orc!
You hit the orc warrior but do no damage.
You completely miss the orc. The orc warrior barely misses you.
The orc priest mumbles some strange prayers to Beogh against you.
Beogh smites you! The orc hits you but does no damage.
You hear a shout!
You closely miss the orc warrior.
The orc warrior is heavily wounded.
You hit the orc. You completely miss the orc warrior.
The orc warrior hits you with a +0 dire flail!
The orc warrior hits you with a +0 dire flail of protection!
* * * LOW HITPOINT WARNING * * *
The orc barely misses you.
You slash the orc warrior!
You kill the orc warrior!
You barely miss the orc. You closely miss the orc warrior.
The orc hits you with a +2 falchion of pain.
* * * LOW HITPOINT WARNING * * *
The orc warrior hits you with a +0 dire flail of protection!
You die...

* * , #.#....###
#...#8._.>###....# #...#....
#......# ,
#...#...,,#......# # #...8..
#......### *,,,#...'o
###.....<. #####..o8, ,,
.######## * .....ooo# ,
..... #
......o@#######......, #
,......).).#.......... ,#
........).#......... # ,
........#.)...#..... #
.......###...###.#+#####
........#.....#.........
,,........................
........................
#...............#...#.......


You could see an orc warrior, 2 orc priests and 3 orcs.

Vanquished Creatures
  A two-headed ogre (D:9)
  Maurice (D:9)
  A troll (D:9)
  Prince Ribbit (D:7)
  A hornet (D:8)
  A wyvern (D:8)
  A water moccasin (D:9)
  2 sky beasts (D:7)
  2 orc warriors
  A black bear (D:5)
  A necrophage (D:7)
  2 centaurs
  2 phantoms (D:6)
  2 kobold brigands (Sewer)
  2 bullfrogs
  A gnoll sergeant (D:6)
  2 scorpions (D:4)
  A wyvern skeleton (D:7)
  2 jellies
  4 wights (D:8)
  4 howler monkeys
  4 centaur zombies
  4 hounds
  A centaur skeleton (D:5)
  5 orc priests
  2 bullfrog skeletons
  5 iguanas
  5 orc wizards (D:8)
  8 mummies (Ossuary)
  A howler monkey zombie (D:9)
  6 gnolls (D:6)
  9 adders
  A white imp (D:5)
  2 worms (D:3)
  3 dart slugs
  31 orcs
  6 ball pythons
  10 endoplasms
  4 giant cockroaches
  11 goblins
  A hobgoblin (D:2)
  2 jackals (D:2)
  22 kobolds
  7 quokkas
  4 bats
  8 frilled lizards
  5 kobold zombies (Ossuary)
  3 orc zombies (Ossuary)
  7 rats
212 creatures vanquished.

Vanquished Creatures (others)
  4 fungi (Sewer)
  5 plants (Sewer)
9 creatures vanquished.

Grand Total: 221 creatures vanquished

Notes
Turn   | Place    | Note
-------+----------+-------------------------------------------
     0 | D:1      | bande the Gargoyle Fighter began the quest for the Orb.
     0 | D:1      | Reached XP level 1. HP: 14/14 MP: 1/1
   326 | D:1      | Reached XP level 2. HP: 19/19 MP: 2/2
   435 | D:1      | Reached skill level 2 in Axes
   544 | D:1      | Found a faded altar of an unknown god.
   790 | D:2      | Reached XP level 3. HP: 20/23 MP: 3/3
  1179 | D:2      | Reached XP level 4. HP: 28/28 MP: 4/4
  1509 | D:2      | Reached skill level 3 in Axes
  1718 | D:3      | Identified a scroll of acquirement
  1718 | D:3      | Acquired the +1 pair of boots of Tuva {rC+}
  1768 | D:3      | Reached XP level 5. HP: 33/33 MP: 5/5
  1820 | D:3      | Found a stormy altar of Qazlal.
  1955 | D:3      | Found a glowing drain.
  1970 | Sewer    | Entered a sewer
  1990 | Sewer    | Noticed a kobold brigand
  2006 | Sewer    | Killed a kobold brigand
  2007 | Sewer    | Reached skill level 4 in Axes
  2191 | Sewer    | Noticed a kobold brigand
  2202 | Sewer    | Reached XP level 6. HP: 38/38 MP: 6/6
  2304 | D:3      | Found a hide-covered altar of Uskayaw.
  2506 | D:4      | Acquired a manual of Axes
  2508 | D:4      | Gained mutation: You passively map a small area around you.
                  | [potion of mutation]
  2508 | D:4      | Gained mutation: You have very sharp teeth. [potion of
                  | mutation]
  2508 | D:4      | Gained mutation: Your natural rate of healing is unusually
                  | fast. [potion of mutation]
  2666 | D:4      | Reached skill level 5 in Axes
  2711 | D:4      | Found an ancient bone altar of Kikubaaqudgha.
  2952 | D:4      | Noticed a water moccasin
  3017 | D:4      | Reached XP level 7. HP: 44/44 MP: 7/7
  3151 | D:5      | Entered Level 5 of the Dungeon
  3384 | D:5      | Found an opulent altar of Gozag.
  3384 | D:5      | Found a sparkling altar of Nemelex Xobeh.
  3385 | D:5      | Found a shimmering altar of Xom.
  3397 | D:5      | Found a snail-covered altar of Cheibriados.
  3434 | D:5      | Reached skill level 6 in Axes
  3532 | D:5      | Reached skill level 5 in Armour
  3532 | D:5      | Reached skill level 1 in Evocations
  3929 | D:6      | Reached XP level 8. HP: 48/48 MP: 8/8
  3972 | D:6      | Reached skill level 7 in Axes
  4025 | D:6      | Reached skill level 5 in Fighting
  4262 | D:6      | Found a broken altar of Ashenzari.
  4296 | D:6      | Reached skill level 8 in Axes
  4331 | D:6      | Found a sacrificial altar of Ru.
  4752 | D:7      | Found a burning altar of Makhleb.
  4834 | D:7      | Found a staircase to the Ecumenical Temple.
  4846 | Temple   | Entered the Ecumenical Temple
  4982 | D:7      | Reached skill level 9 in Axes
  4982 | D:7      | Reached skill level 5 in Shields
  4997 | D:7      | Found a blossoming altar of Fedhas.
  5028 | D:7      | Reached XP level 9. HP: 51/54 MP: 9/9
  5353 | D:7      | Got Sif Muna's Incunabulum of Evil Earth
  5503 | D:7      | Reached skill level 10 in Axes
  5559 | D:7      | Noticed Prince Ribbit
  5581 | D:7      | Killed Prince Ribbit
  5975 | D:8      | Reached skill level 11 in Axes
  6096 | D:8      | Found a sand-covered staircase.
  6101 | Ossuary  | Entered an ossuary
  6388 | D:8      | Noticed a hornet
  6402 | D:8      | Killed a hornet
  6403 | D:8      | Reached XP level 10. HP: 61/61 MP: 10/10
  6769 | D:8      | Identified the +3 trident "Atuym" {elec, Fly rElec}
  6838 | D:9      | Found a runed translucent door.
  6839 | D:9      | Noticed petzl's ghost (novice OpAM)
  6869 | D:9      | Noticed a two-headed ogre
  6878 | D:9      | Killed a two-headed ogre
  6879 | D:9      | Reached skill level 12 in Axes
  6936 | D:9      | Found an ornate altar of the Wu Jian Council.
  7154 | D:9      | Identified the +1 great sword of the Shoals {venom, Str+4
                  | Int+3}
  7203 | D:9      | Reached skill level 5 in Evocations
  7319 | D:9      | Noticed Maurice
  7332 | D:9      | Killed Maurice
  7351 | D:9      | Found a staircase to the Orcish Mines.
  7373 | D:9      | Slain by an orc warrior

Illustrated notes

Levels and vault maps discovered:
D:1:      nicolae_arrival_memento_mori, layout_rooms,
          shapermc_ecumenical_altar_acropolis
D:2:      layout_basic
D:3:      layout_rooms, mainiacjoe_overflow_boulevard,
          mainiacjoe_overflow_small_starburst, gup_sewer_entry_pipe
D:4:      layout_loops_ring, kiku_gazebo_garden_becter, minmay_misc_feat_roman
D:5:      layout_rooms, nicolae_overflow_quartered_altars, hex_medium,
          minivault_5, minmay_misc_feat_alley, minmay_quadrilaterals
D:6:      layout_loops_cross, lemuel_tele_altar,
          mainiacjoe_overflow_concentric_impassable
D:7:      layout_basic, mainiacjoe_overflow_alcove_2, overflow_temple_1_default,
          minmay_temple_entry_wispy, uniq_prince_ribbit1
D:8:      layout_layer_cave, nicolae_ossuary_entry_plus
D:9:      layout_irregular_city, marbit_many_paths, david_orc_5, serial_glass,
          glass_columns_b, glass_columns_b, due_unseen_surprise,
          item_on_display_a, feat_on_display, minmay_strange_pillars,
          ebering_ghost_reflecting_pool, chequers_serial_rivers_small_3,
          uniq_maurice
Temple:   corrupted_temple

Skill      XL: |  1  2  3  4  5  6  7  8  9 10 |
---------------+-------------------------------+-----
Axes           | 2 3 4 5 6 9 11 12 | 12.7
Armour         | 4 5 6 7 |  7.0
Fighting       | 4 5 6 7 |  7.1
Shields        | 4 5 6 |  6.0
Evocations     | 1 3 4 5 |  5.2
Stealth        | |  0.1

Action                   |  1- 3 |  4- 6 |  7- 9 | 10-12 || total
-------------------------+-------+-------+-------+-------++-------
Melee: War axe           |   113 |   237 |   346 |    79 ||   775
       Bite              |       |     6 |    45 |    13 ||    64
  Use: Scroll            |     3 |    10 |    13 |       ||    26
       Potion            |       |     1 |       |       ||     1
Armor: Scale mail        |    75 |    17 |       |       ||    92
       Plate armour      |       |   129 |   252 |    60 ||   441
Dodge: Dodged            |    70 |    74 |    83 |    20 ||   247
Block: Buckler           |    26 |    71 |   102 |    23 ||   222

Table legend: (Time is in decaauts)
 A = Elapsed time spent in this place.
 B = Non-inter-level travel time spent in this place.
 C = Inter-level travel time spent in this place.
 D = Time resting spent in this place.
 E = Time spent auto-exploring this place.
 F = Levels seen in this place.
 G = Mean time per level.
                   A        B        C        D        E       F      G
               +--------+--------+--------+--------+--------+-----+--------+
         Total |   7531 |   7460 |     71 |    645 |   4799 |  12 |  627.6 |
       Dungeon |   6974 |   6903 |     71 |    642 |   4524 |   9 |  774.9 |
        Temple |     50 |     50 |      0 |      0 |     25 |   1 |   50.0 |
         Sewer |    322 |    322 |      0 |      3 |    145 |   1 |  322.0 |
       Ossuary |    183 |    183 |      0 |      0 |    104 |   1 |  183.0 |
               +--------+--------+--------+--------+--------+-----+--------+

Top non-repeatable levels by time:
     D:2: 1033 daAuts
     D:7: 974 daAuts
     D:8: 879 daAuts
     D:6: 851 daAuts
     D:5: 771 daAuts
     D:1: 714 daAuts
     D:4: 672 daAuts
     D:3: 551 daAuts
     D:9: 526 daAuts
   Sewer: 322 daAuts
 Ossuary: 183 daAuts
  Temple: 50 daAuts
